NCAA
IOWA STATE CYCLONES @ OREGON DUCKS
04/02/2027
 
TOP OF THE 1ST
Iowa State Cyclones batting - Pitching for Oregon Ducks : RHP Arlen Wright
Pitching: RHP Arlen Wright
Batting: LHB Mike O'Bryan 0-0: Called Strike
0-1: Ball
1-1: Ball
2-1: Fly out, F7 (Flyball, 78S)
Batting: RHB Robert Snyder 0-0: Called Strike
0-1: SINGLE (Line Drive, 4MD)
Batting: RHB Pedro Rivera 0-0: Ball
1-0: Called Strike
1-1: Called Strike
1-2: Strikes out swinging
Batting: RHB Shane Marshall 0-0: Swinging Strike
0-1: Ball
1-1: Swinging Strike
1-2: Fielders Choice at 2nd, 4-6 (Groundball, 4)
Top of the 1st over - 0 run(s), 1 hit(s), 0 error(s), 0 left on base; Iowa State 0 - Oregon 0
BOTTOM OF THE 1ST
Oregon Ducks batting - Pitching for Iowa State Cyclones : RHP Bill Tracy
Pitching: RHP Bill Tracy
Batting: LHB Bill Stephenson 0-0: Ball
1-0: Called Strike
1-1: Ball
2-1: Foul Ball, location: 2F
2-2: Ball
3-2: Foul Ball, location: 2F
3-2: Base on Balls
Batting: RHB Michael Heller 0-0: Ball
1-0: Ball
2-0: Swinging Strike
2-1: Ball
3-1: Foul Ball, location: 2F
3-2: Strikes out looking
Bill Stephenson steals 2nd base
Batter strikes out.
Batting: LHB Justin McCoy 0-0: Fly out, F8 (Line Drive, 8RM)
Throwing error, E8
Bill Stephenson scores
Batting: RHB Artie Mills 0-0: Fly out, F8 (Line Drive, 8RD)
Bottom of the 1st over - 1 run(s), 0 hit(s), 1 error(s), 0 left on base; Iowa State 0 - Oregon 1
TOP OF THE 2ND
Iowa State Cyclones batting - Pitching for Oregon Ducks : RHP Arlen Wright
Batting: LHB Ángel Pérez 0-0: Swinging Strike
0-1: Ball
1-1: Called Strike
1-2: Ball
2-2: Strikes out swinging
Batting: RHB Paul Teague 0-0: Foul Ball, location: 2F
0-1: Foul Ball, location: 2F
0-2: Ball
1-2: Foul Ball, location: 2F
1-2: Ground out 6-3 (Groundball, 6S)
Batting: RHB José Acuña 0-0: Called Strike
0-1: Ball
1-1: Ball
2-1: Swinging Strike
2-2: Fly out, F9 (Flyball, 9)
Top of the 2nd over - 0 run(s), 0 hit(s), 0 error(s), 0 left on base; Iowa State 0 - Oregon 1
BOTTOM OF THE 2ND
Oregon Ducks batting - Pitching for Iowa State Cyclones : RHP Bill Tracy
Batting: RHB Raúl González 0-0: Called Strike
0-1: Ball
1-1: Fly out, F8 (Flyball, 78M)
Batting: RHB William Ewing 0-0: Ball
1-0: Ball
2-0: Foul Ball, location: 2F
2-1: Ball
3-1: SOLO HOME RUN (Flyball, 7D), Distance : 371 ft
Batting: RHB Jason Wheeler 0-0: Swinging Strike
0-1: Ball
1-1: Fly out, F6 (Line Drive, 56)
Batting: RHB Sean Smith 0-0: Called Strike
0-1: Ball
1-1: SINGLE (Groundball, 34S) (infield hit)
Batting: RHB José Vega 0-0: Fielders Choice at 2nd, 6-4 (Groundball, 6)
Bottom of the 2nd over - 1 run(s), 2 hit(s), 0 error(s), 0 left on base; Iowa State 0 - Oregon 2
TOP OF THE 3RD
Iowa State Cyclones batting - Pitching for Oregon Ducks : RHP Arlen Wright
Batting: RHB Paco Camacho 0-0: Foul Ball, location: 2F
0-1: Called Strike
0-2: Ball
1-2: Ground out 4-3 (Groundball, 4MD)
Batting: SHB Dan Stone 0-0: Called Strike
0-1: Ball
1-1: Swinging Strike
1-2: Strikes out looking
Batting: LHB Mike O'Bryan 0-0: Ball
1-0: Ball
2-0: Ball
3-0: Base on Balls
Batting: RHB Robert Snyder 0-0: Ball
1-0: Ball
Mike O'Bryan is caught stealing 2nd base
Top of the 3rd over - 0 run(s), 0 hit(s), 0 error(s), 0 left on base; Iowa State 0 - Oregon 2
BOTTOM OF THE 3RD
Oregon Ducks batting - Pitching for Iowa State Cyclones : RHP Bill Tracy
Batting: LHB Bill Stephenson 0-0: Fly out, F8 (Line Drive, 78S)
Batting: RHB Michael Heller 0-0: Swinging Strike
0-1: Ball
1-1: Ball
2-1: Ball
3-1: Foul Ball, location: 2F
3-2: Strikes out swinging
Batting: LHB Justin McCoy 0-0: Foul Ball, location: 2F
0-1: Ball
1-1: Ball
2-1: Foul Ball, location: 2F
2-2: Foul Ball, location: 2F
2-2: Strikes out swinging
Bottom of the 3rd over - 0 run(s), 0 hit(s), 0 error(s), 0 left on base; Iowa State 0 - Oregon 2
TOP OF THE 4TH
Iowa State Cyclones batting - Pitching for Oregon Ducks : RHP Arlen Wright
Batting: RHB Robert Snyder 0-0: Foul Ball, location: 2F
0-1: Bunt for hit - play at first, batter OUT! 2-3
Batting: RHB Pedro Rivera 0-0: Ball
1-0: SINGLE (Line Drive, 78S)
Batting: RHB Shane Marshall 0-0: Called Strike
Throwing error on steal attempt, E2
Pedro Rivera to third
0-1: Ball
1-1: Ball
Wild Pitch!
Pedro Rivera scores
2-1: Called Strike
2-2: Foul Ball, location: 2F
2-2: Foul Ball, location: 2F
2-2: SINGLE (Groundball, 4MD)
Batting: LHB Ángel Pérez 0-0: Ball
1-0: Foul Ball, location: 2F
1-1: 2-RUN HOME RUN (Flyball, 89XD), Distance : 381 ft
Batting: RHB Paul Teague 0-0: Called Strike
0-1: Ground out 6-3 (Groundball, 6)
Batting: RHB José Acuña 0-0: Foul Ball, location: 2F
0-1: Ball
1-1: Foul Ball, location: 2F
1-2: Ball
2-2: Ball
3-2: Foul Ball, location: 2F
3-2: Foul Ball, location: 2F
3-2: Fly out, F4 (Flyball, 4MD)
Top of the 4th over - 3 run(s), 3 hit(s), 1 error(s), 0 left on base; Iowa State 3 - Oregon 2
BOTTOM OF THE 4TH
Oregon Ducks batting - Pitching for Iowa State Cyclones : RHP Bill Tracy
Batting: RHB Artie Mills 0-0: Ground out 4-3 (Groundball, 4S)
Batting: RHB Raúl González 0-0: Ball
1-0: Ground out 4-3 (Groundball, 4)
Batting: RHB William Ewing 0-0: Swinging Strike
0-1: Foul Ball, location: 2F
0-2: Strikes out swinging
Bottom of the 4th over - 0 run(s), 0 hit(s), 0 error(s), 0 left on base; Iowa State 3 - Oregon 2
TOP OF THE 5TH
Iowa State Cyclones batting - Pitching for Oregon Ducks : RHP Arlen Wright
Batting: RHB Paco Camacho 0-0: Ball
1-0: Foul Ball, location: 2F
1-1: Swinging Strike
1-2: Foul Ball, location: 2F
1-2: Foul Ball, location: 2F
1-2: Foul Ball, location: 2F
1-2: SINGLE (Groundball, 6D)
Batting: SHB Dan Stone 0-0: Called Strike
0-1: Fly out, F9 (Flyball, 9)
Batting: LHB Mike O'Bryan 0-0: Called Strike
0-1: Swinging Strike
0-2: Ball
1-2: Strikes out swinging
Pitching: RHP Mike Sceviour
Batting: RHB Robert Snyder 0-0: Called Strike
0-1: Ball
1-1: Ball
2-1: Swinging Strike
2-2: Foul Ball, location: 2F
2-2: Fly out, F7 (Flyball, 7)
Top of the 5th over - 0 run(s), 1 hit(s), 0 error(s), 1 left on base; Iowa State 3 - Oregon 2
BOTTOM OF THE 5TH
Oregon Ducks batting - Pitching for Iowa State Cyclones : RHP Bill Tracy
Batting: RHB Jason Wheeler 0-0: Fly out, F7 (Flyball, 78M)
Batting: RHB Sean Smith 0-0: Foul Ball, location: 2F
0-1: Foul Ball, location: 2F
0-2: Ball
1-2: Ball
2-2: SINGLE (Groundball, 56D)
Batting: RHB José Vega 0-0: Ball
Sean Smith steals 2nd base
1-0: Foul Ball, location: 2F
1-1: Ball
2-1: Foul Ball, location: 2F
2-2: Ground out 6-3 (Groundball, 6)
Batting: LHB Bill Stephenson 0-0: Ball
1-0: Ball
2-0: Foul Ball, location: 2F
2-1: Foul Ball, location: 2F
2-2: Ball
3-2: Base on Balls
Batting: RHB Michael Heller 0-0: Ball
1-0: Called Strike
1-1: Ball
2-1: Ball
3-1: Base on Balls
Sean Smith to third
Bill Stephenson to second
Batting: LHB Justin McCoy 0-0: Ball
1-0: Ball
2-0: Ball
3-0: Base on Balls
Sean Smith scores
Bill Stephenson to third
Michael Heller to second
Batting: RHB Artie Mills 0-0: Called Strike
0-1: Fielders Choice at 2nd, 6-4 (Groundball, 6)
Bottom of the 5th over - 1 run(s), 1 hit(s), 0 error(s), 2 left on base; Iowa State 3 - Oregon 3
TOP OF THE 6TH
Iowa State Cyclones batting - Pitching for Oregon Ducks : RHP Mike Sceviour
Batting: RHB Pedro Rivera 0-0: Ball
1-0: Called Strike
1-1: Foul Ball, location: 2F
1-2: Strikes out swinging
Batting: RHB Shane Marshall 0-0: Ball
1-0: Ground out 5-3 (Groundball, 56)
Batting: LHB Ángel Pérez 0-0: Ball
1-0: Foul Ball, location: 2F
1-1: Swinging Strike
1-2: Strikes out looking
Top of the 6th over - 0 run(s), 0 hit(s), 0 error(s), 0 left on base; Iowa State 3 - Oregon 3
BOTTOM OF THE 6TH
Oregon Ducks batting - Pitching for Iowa State Cyclones : RHP Bill Tracy
Batting: RHB Raúl González 0-0: Called Strike
0-1: Ball
1-1: Called Strike
1-2: Foul Ball, location: 2F
1-2: Hit by Pitch
Pitching: RHP Bob Thompson
Batting: RHB William Ewing 0-0: Fielders Choice at 2nd, 6-4 (Groundball, 6)
Batting: RHB Jason Wheeler 0-0: Foul Ball, location: 2F
0-1: Ball
1-1: Ball
2-1: Ball
3-1: Called Strike
3-2: Ground out 5-3 (Groundball, 56)
William Ewing to second
Batting: RHB Sean Smith 0-0: Ball
1-0: Called Strike
1-1: Called Strike
1-2: Strikes out looking
Bottom of the 6th over - 0 run(s), 0 hit(s), 0 error(s), 1 left on base; Iowa State 3 - Oregon 3
TOP OF THE 7TH
Iowa State Cyclones batting - Pitching for Oregon Ducks : RHP Mike Sceviour
Batting: RHB Paul Teague 0-0: Ball
1-0: Reached on error, E6 (Groundball, 6)
Batting: RHB José Acuña 0-0: Called Strike
0-1: Swinging Strike
0-2: Foul Ball, location: 2F
0-2: Strikes out swinging
Pinch Hitting: SHB Ralph Marshall 0-0: Ball
1-0: Swinging Strike
1-1: Called Strike
1-2: Strikes out swinging
Batting: SHB Dan Stone 0-0: Ball
Paul Teague is caught stealing 2nd base
Top of the 7th over - 0 run(s), 0 hit(s), 1 error(s), 0 left on base; Iowa State 3 - Oregon 3
BOTTOM OF THE 7TH
Oregon Ducks batting - Pitching for Iowa State Cyclones : RHP Bob Thompson
Now at SS: Ralph Marshall
Pinch Hitting: RHB Ben Donnelly 0-0: Ball
1-0: Foul Ball, location: 2F
1-1: Foul Ball, location: 2F
1-2: Ball
2-2: Strikes out swinging
Batting: LHB Bill Stephenson 0-0: SINGLE (Line Drive, 34)
Batting: RHB Michael Heller 0-0: Called Strike
0-1: Fly out, F8 (Flyball, 8LM)
Batting: LHB Justin McCoy 0-0: Called Strike
0-1: Foul Ball, location: 2F
0-2: Ball
1-2: Foul Ball, location: 2F
1-2: Foul Ball, location: 2F
1-2: Ball
2-2: Foul Ball, location: 2F
2-2: SINGLE (Groundball, 34D)
Bill Stephenson to second
Runner from 2nd tries for 3rd, SAFE, no throw
Batting: RHB Artie Mills 0-0: Ball
1-0: Foul Ball, location: 2F
1-1: Called Strike
1-2: Ball
2-2: Ball
3-2: SINGLE (Flyball, 78M)
Bill Stephenson scores
Justin McCoy to second
Justin McCoy to third
Batting: RHB Raúl González 0-0: Called Strike
0-1: Ball
1-1: Fly out, F9 (Flyball, 9)
Bottom of the 7th over - 1 run(s), 3 hit(s), 0 error(s), 2 left on base; Iowa State 3 - Oregon 4
TOP OF THE 8TH
Iowa State Cyclones batting - Pitching for Oregon Ducks : RHP Mike Sceviour
Pitching: LHP Curt James
Now at SS: Jerry Harris
Batting: SHB Dan Stone 0-0: Called Strike
0-1: Ball
1-1: Swinging Strike
1-2: Ball
2-2: Foul Ball, location: 2F
2-2: Fly out, F9 (Flyball, 9)
Batting: LHB Mike O'Bryan 0-0: Ball
1-0: SOLO HOME RUN (Flyball, 9LD), Distance : 314 ft
Batting: RHB Robert Snyder 0-0: Ball
1-0: Ball
2-0: Ball
3-0: Base on Balls
Batting: RHB Pedro Rivera 0-0: Foul Ball, location: 2F
0-1: Ball
1-1: Ball
2-1: SINGLE (Groundball, 56D)
Robert Snyder to second
Batting: RHB Shane Marshall 0-0: Ball
1-0: Called Strike
1-1: Fly out, F8 (Flyball, 89M)
Batting: LHB Ángel Pérez 0-0: Ball
1-0: Ground out 3-1 (Groundball, 34)
Top of the 8th over - 1 run(s), 2 hit(s), 0 error(s), 2 left on base; Iowa State 4 - Oregon 4
BOTTOM OF THE 8TH
Oregon Ducks batting - Pitching for Iowa State Cyclones : RHP Bob Thompson
Pinch Hitting: LHB Francisco Romo 0-0: Foul Ball, location: 2F
0-1: Ball
1-1: Foul Ball, location: 2F
1-2: Foul Ball, location: 2F
1-2: Ball
2-2: Foul Ball, location: 2F
2-2: Foul Ball, location: 2F
2-2: Ball
3-2: Reached on error, E4 (Groundball, 4)
Batting: RHB Jason Wheeler 0-0: Fly out, F9 (Flyball, 9S)
Batting: RHB Sean Smith 0-0: Ball
1-0: Foul Ball, location: 2F
1-1: Foul Ball, location: 2F
1-2: Foul Ball, location: 2F
1-2: Fielders Choice at 2nd, 1-6 (Groundball, 13S)
Pitching: LHP Tom Martin
Batting: RHB Jerry Harris 0-0: Ball
1-0: Ball
2-0: Fly out, F7 (Line Drive, 7)
Bottom of the 8th over - 0 run(s), 0 hit(s), 1 error(s), 1 left on base; Iowa State 4 - Oregon 4
TOP OF THE 9TH
Iowa State Cyclones batting - Pitching for Oregon Ducks : LHP Curt James
Pitching: LHP Phil Sims
Now in LF: Peter Rodgers
Pinch Hitting: RHB Mark Blanton 0-0: SINGLE (Line Drive, 56D)
Batting: RHB José Acuña 0-0: Bunted foul
0-1: Bunted foul
0-2: Ball
1-2: Ball
2-2: Strikes out looking
Batting: SHB Ralph Marshall 0-0: Ball
1-0: Ball
2-0: Ball
3-0: Base on Balls
Mark Blanton to second
Pinch Hitting: RHB Russell Cook 0-0: DOUBLE (Flyball, 89D)
Mark Blanton scores
Ralph Marshall to third
Runner from 3rd tries for Home, SAFE, no throw
Batting: LHB Mike O'Bryan 0-0: Ball
1-0: Ball
2-0: Ball
3-0: Called Strike
3-1: Ground out 1-3 (Groundball, P)
Russell Cook to third
Batting: RHB Robert Snyder 0-0: Ball
1-0: Ball
Wild Pitch!
Russell Cook scores
2-0: Ball
3-0: Called Strike
3-1: Base on Balls
Pitching: RHP Ramón Freitas
Batting: RHB Pedro Rivera 0-0: Ball
1-0: Swinging Strike
1-1: Fly out, F8 (Flyball, 89M)
Top of the 9th over - 3 run(s), 2 hit(s), 0 error(s), 1 left on base; Iowa State 7 - Oregon 4
BOTTOM OF THE 9TH
Oregon Ducks batting - Pitching for Iowa State Cyclones : LHP Tom Martin
Pitching: RHP Tom Thomas
Now at C: Jim Graves
Now at 2B: Mark Blanton
Batting: LHB Bill Stephenson 0-0: Ball
1-0: Ball
2-0: Ball
3-0: Base on Balls
Batting: RHB Michael Heller 0-0: Called Strike
0-1: Ball
1-1: Grounds into double play, 5-4-3 (Groundball, 56)
Batting: LHB Justin McCoy 0-0: Ball
1-0: Ground out U3 (Groundball, 34)
Bottom of the 9th over - 0 run(s), 0 hit(s), 0 error(s), 0 left on base; Iowa State 7 - Oregon 4
Thursday, March 30th, 2017 - OOTP Baseball 17.12 Build 75